 Dungeon Crawl Stone Soup version 0.20.1-1-g8b1a95d (webtiles) character file.

1714 raph the Firebug (level 8, 0/46 HPs)
             Began as a Deep Elf Fire Elementalist on Dec 23, 2017.
             Was a Follower of Sif Muna.
             Shot with an arrow by a centaur (10 damage)
             ... on level 5 of the Dungeon.
             The game lasted 00:17:12 (7661 turns).

raph the Firebug (Deep Elf Fire Elementalist)       Turns: 7661, Time: 00:17:12

Health: 0/46       AC:  5    Str:  7    XL:     8   Next: 74%
Magic:  7/18       EV: 15    Int: 21    God:    Sif Muna [*.....]
Gold:   218        SH:  0    Dex: 15    Spells: 4/18 levels left

rFire    . . .     SeeInvis .   r - +2 rapier (holy)
rCold    + . .     Gourm    .   (no shield)
rNeg     . . .     Faith    .   a - +0 robe
rPois    .         Spirit   .   (no helmet)
rElec    .         Reflect  .   y - +0 cloak
rCorr    .         Harm     .   (no gloves)
MR       .....                  k - +1 pair of boots
Stlth    +++.......             (no amulet)
Regen    0.2/turn               j - ring of protection from cold
MPRegen  0.2/turn               (no ring)

@: very slightly contaminated
A: no striking features
a: Divine Energy, Renounce Religion


You were on level 5 of the Dungeon.
You worshipped Sif Muna.
Sif Muna was aware of your devotion.
You were hungry.

You visited 2 branches of the dungeon, and saw 6 of its levels.

You collected 218 gold pieces.

Inventory:

Hand Weapons
 g - a +1 dagger
 r - a +2 rapier of holy wrath (weapon)
Missiles
 d - 99 stones (quivered)
 C - 4 tomahawks
Armour
 a - a +0 robe (worn)
 k - a +1 pair of boots (worn)
 y - a +0 cloak (worn)
Jewellery
 j - a ring of protection from cold (left hand)
Wands
 m - a wand of acid (6/15)
 o - a wand of lightning (7/15)
Scrolls
 e - 2 scrolls of immolation
 i - a scroll of fog
 l - a scroll of remove curse
 u - a scroll of amnesia
 D - a scroll of blinking
Potions
 f - 2 potions of curing
 n - a potion of flight
 p - a potion of resistance
 s - a potion of ambrosia
 t - a potion of mutation
 v - 2 potions of haste {unknown}
 w - a potion of heal wounds {unknown}
 x - 2 potions of degeneration {unknown}
 z - a potion of agility {unknown}
 E - a potion of cancellation {unknown}
Books
 b - a book of Flames

   Spells                             Type                      Level
   a - Flame Tongue                   Conjuration/Fire             1
   b - Throw Flame                    Conjuration/Fire             2
   c - Conjure Flame                  Conjuration/Fire             3
   d - Inner Flame                    Hexes/Fire                   3
   e - Sticky Flame                   Conjuration/Fire             4
   f - Fireball                       Conjuration/Fire             5
 B - a book of Conjurations

   Spells                             Type                      Level
   a - Magic Dart                     Conjuration                  1
   b - Searing Ray                    Conjuration                  2
   c - Dazzling Spray                 Conjuration/Hexes            3
   d - Fulminant Prism                Conjuration/Hexes            4
   e - Force Lance                    Conjuration/Translocation    4
   f - Iskenderun's Mystic Blast      Conjuration                  4
Comestibles
 c - 4 bread rations
 h - 2 royal jellies
 q - 2 meat rations
 A - 7 chunks of flesh


   Skills:
 + Level 3.0 Fighting
 + Level 5.4 Dodging
 + Level 5.6 Stealth
 + Level 5.9 Spellcasting
 * Level 6.1 Conjurations
 * Level 6.9 Fire Magic


You had 4 spell levels left.
You knew the following spells:

 Your Spells              Type           Power        Failure   Level  Hunger
a - Flame Tongue          Conj/Fire      ####.        1%          1    None
b - Throw Flame           Conj/Fire      ####..       1%          2    None
c - Conjure Flame         Conj/Fire      ####....     1%          3    ##.....
d - Inner Flame           Hex/Fire       ###.....     7%          3    ##.....
e - Sticky Flame          Conj/Fire      ####....     7%          4    ####...
f - Magic Dart            Conj           ####         1%          1    None


Dungeon Overview and Level Annotations

Branches:
Dungeon (5/15)             Temple (1/1) D:4

Altars:
Ashenzari
Cheibriados
Dithmenos
Fedhas
Gozag
Hepliaklqana
Kikubaaqudgha
Makhleb
Nemelex Xobeh
Okawaru
Ru
Sif Muna
Trog
Uskayaw
Vehumet
Yredelemnul
Zin
The Shining One

Annotations:
D:5 bmj180's ghost, novice HuFi


Message History

Confirm with . or Enter, or press ? or * to list all spells.
Aiming: Sticky Flame
Press: ? - help, Shift-Dir - straight line, f/p - centaur
Aim: a centaur, wielding a trident The sticky flame hits the centaur.
The centaur is lightly wounded.
The centaur is covered in liquid flames!
The centaur burns!
The centaur hits you with an uncursed trident.
The centaur burns!
The centaur hits you from afar with an uncursed trident!
* * * LOW HITPOINT WARNING * * *
The centaur misses you.
The centaur burns!
You see here an arrow.
The centaur burns!
The centaur unwields an uncursed trident.
The centaur wields an uncursed shortbow.
The centaur shoots an arrow.
The arrow hits you!
You die...

...............##..#
..............# #..#
.............####..#
#.............#
##(...##......##
#c....#####.)...
##..##..# ##.....
#.###(..###..##......
#...@..## ..........
#......# #.........
#..#..).# #....#####
#.. ##....# #...# ...
##....# .(.. # ..
##.....##...## ## .
#..### ...##.. ##..#
#...... #...# #....##


You could see a centaur (burning).

Vanquished Creatures
  6 yaks
  A sky beast (D:5)
  A phantom (D:4)
  2 ogres
  2 howler monkeys
  A hound (D:5)
  An orc priest (D:4)
  Crazy Yiuf (D:2)
  An iguana (D:4)
  13 gnolls
  7 adders
  2 oozes
  3 worms
  3 dart slugs
  4 leopard geckos
  8 orcs
  A ball python (D:4)
  7 giant cockroaches
  6 goblins
  6 hobgoblins
  19 jackals
  5 bats
  12 frilled lizards
  7 kobolds
  9 rats
128 creatures vanquished.

Notes
Turn   | Place    | Note
-------+----------+-------------------------------------------
     0 | D:1      | raph the Deep Elf Fire Elementalist began the quest for the Orb.
     0 | D:1      | Reached XP level 1. HP: 10/10 MP: 6/6
   169 | D:1      | Reached XP level 2. HP: 15/15 MP: 5/8
   391 | D:1      | Learned a level 2 spell: Throw Flame
   749 | D:1      | Reached XP level 3. HP: 20/20 MP: 5/9
   959 | D:1      | Learned a level 3 spell: Conjure Flame
  1729 | D:2      | Learned a level 3 spell: Inner Flame
  1741 | D:2      | Reached XP level 4. HP: 24/24 MP: 9/11
  2002 | D:2      | Reached skill level 1 in Fighting
  2258 | D:2      | Reached XP level 5. HP: 29/29 MP: 4/12
  2794 | D:2      | Found a sacrificial altar of Ru.
  2850 | D:2      | Found a runed door.
  2854 | D:2      | Noticed Crazy Yiuf
  2862 | D:2      | Killed Crazy Yiuf
  3774 | D:3      | Reached XP level 6. HP: 34/34 MP: 8/14
  3780 | D:3      | Learned a level 4 spell: Sticky Flame
  3833 | D:3      | Found a blossoming altar of Fedhas.
  4558 | D:4      | Reached skill level 5 in Fire Magic
  4561 | D:4      | Learned a level 1 spell: Magic Dart
  4632 | D:4      | Found a staircase to the Ecumenical Temple.
  4667 | Temple   | Entered the Ecumenical Temple
  4803 | Temple   | Became a worshipper of Sif Muna the Loreminder
  5418 | D:4      | Reached XP level 7. HP: 39/39 MP: 12/15
  5429 | D:4      | Found a burning altar of Makhleb.
  6125 | D:5      | Entered Level 5 of the Dungeon
  6706 | D:5      | Noticed a yak
  6723 | D:5      | Reached skill level 5 in Spellcasting
  6736 | D:5      | Noticed a yak
  6738 | D:5      | Noticed a yak
  6739 | D:5      | Noticed a yak
  6740 | D:5      | Noticed a yak
  6742 | D:5      | Noticed a yak
  6747 | D:5      | Killed a yak
  6874 | D:5      | Reached skill level 5 in Conjurations
  6874 | D:5      | Reached XP level 8. HP: 45/45 MP: 9/17
  7018 | D:5      | Reached skill level 5 in Stealth
  7028 | D:4      | Reached * piety under Sif Muna
  7028 | D:4      | Reached skill level 5 in Dodging
  7598 | D:5      | Noticed bmj180's ghost (novice HuFi)
  7661 | D:5      | Shot with an arrow by a centaur

Skill      XL: |  1  2  3  4  5  6  7  8 |
---------------+-------------------------+-----
Fire Magic     | 4 5 6 |  6.9
Conjurations   | 2 3 5 6 |  6.1
Stealth        | 3 4 5 |  5.6
Dodging        | 3 4 5 |  5.4
Fighting       | 1 2 3 |  3.0
Spellcasting   | 4 5 |  5.9

Action                   |  1- 3 |  4- 6 |  7- 9 || total
-------------------------+-------+-------+-------++-------
Melee: Dagger            |     3 |    17 |    23 ||    43
       Rapier            |       |       |     7 ||     7
Throw: Stone             |       |     1 |     1 ||     2
 Cast: Flame Tongue      |    58 |   120 |    53 ||   231
       Throw Flame       |     5 |    17 |    17 ||    39
       Conjure Flame     |       |     7 |     4 ||    11
       Inner Flame       |       |     3 |     5 ||     8
       Sticky Flame      |       |     2 |    12 ||    14
       Magic Dart        |       |       |     8 ||     8
Evoke: Wand              |       |       |     1 ||     1
  Use: Scroll            |       |     4 |    11 ||    15
 Stab: Sleeping          |     1 |     2 |       ||     3
  Eat: Chunk             |     3 |    12 |     9 ||    24
Armor: Robe              |     6 |     5 |     7 ||    18
Dodge: Dodged            |    20 |    26 |    41 ||    87
